Map: Seething Jungle

Players

Creepasaurus

  • Race: Terran Terran
  • Spawn Location: 12:00

DwRHuNteR

  • Race: Protoss Protoss
  • Spawn Location: 1:00

nyancat

  • Race: Zerg Zerg
  • Spawn Location: 7:00

juhyg

  • Race: Zerg Zerg
  • Spawn Location: 6:00

VOD

Have the link to the VOD?

Description

Time

  • Played on: Nov. 18, 2015, 12:15 p.m.
  • Length: 10:40
Show
View Real Time Build Order
Export as new Build Order

Creepasaurus Terran 

Build Orders:  

Get SALT Encoding   

  12  0:01  SCV  
  13  0:13  SCV  
  14  0:21  Supply Depot  
  14  0:25  SCV  
  15  0:43  SCV  
  15  0:45  Barracks  
  16  0:55  SCV  
  17  1:03  Refinery  
  17  1:07  Refinery, SCV  
  18  1:19  SCV  
  18  1:21  Barracks x2  
  19  1:32  SCV  
  20  1:39  Marine  
  21  1:47  Orbital Command, Refinery  
  21  1:58  Marine  
  22  2:13  Supply Depot  
  22  2:14  Supply Depot  
  22  2:35  Factory  
  22  2:41  Factory  
  22  2:51  Barracks  
  22  2:54  Command Center  
  22  2:56  Marine  
  23  3:05  SCV  
  24  3:17  Barracks Tech Lab, SCV  
  24  3:18  Barracks Tech Lab  
  25  3:20  Factory Tech Lab  
  25  3:25  Factory Tech Lab  
  25  3:30  SCV  
  26  3:39  Concussive Shells  
  26  3:41  Combat Shields  
  26  3:43  Marine x2  
  26  3:44  Marine  
  29  3:50  SCV  
  30  4:07  Siege Tank  
  33  4:30  Siege Tank  
  36  4:40  SCV  
  37  4:48  Orbital Command  
  37  4:53  Starport  
  37  4:54  SCV  
  38  5:13  Widow Mine  
  40  5:15  Widow Mine  
  40  5:18  Marauder x2  
  40  5:21  Marine  
  47  5:33  Starport  
  47  5:38  Marine  
  47  5:41  Widow Mine  
  50  5:43  Widow Mine  
  52  6:06  Marauder  
  54  7:17  Marine  
  54  7:18  Marauder  
  45  7:36  Orbital Command  
  45  8:16  SCV  
  46  8:21  Starport Reactor x2  
  46  8:24  Supply Depot  
  46  8:26  Widow Mine  
  46  8:27  Widow Mine  
  46  8:28  SCV  
  46  8:30  Marauder  
  46  8:32  Marine  
  54  8:46  Marauder, SCV  
  57  8:49  Marine  
  57  8:52  Marauder  
  57  8:55  Widow Mine  
  60  8:56  Widow Mine  
  60  8:58  SCV  
  65  9:07  Marine  
  65  9:08  Marauder  
  68  9:10  SCV  
  69  9:18  Supply Depot  
  69  9:24  Supply Depot  
  69  9:25  Supply Depot, Marine  
  70  9:40  Medivac x3, Marauder  
  70  9:45  Medivac, Widow Mine, Marine  
Show
View Real Time Build Order
Export as new Build Order

DwRHuNteR Protoss 

Build Orders: Oracle Opening 

Get SALT Encoding   

  12  0:01  Probe (Chrono Boost)  
  13  0:12  Probe (Chrono Boost)  
  14  0:20  Pylon  
  14  0:25  Probe (Chrono Boost)  
  15  0:38  Probe (Chrono Boost)  
  15  0:42  Gateway  
  16  0:49  Probe (Chrono Boost)  
  17  0:50  Assimilator  
  17  1:00  Probe (Chrono Boost)  
  18  1:10  Probe (Chrono Boost)  
  19  1:21  Probe (Chrono Boost)  
  20  1:26  Forge  
  20  1:31  Probe (Chrono Boost)  
  21  1:33  Zealot  
  23  1:46  Pylon  
  23  1:52  Assimilator  
  23  1:54  Pylon  
  23  2:02  Photon Cannon  
  23  2:05  Probe (Chrono Boost)  
  24  2:11  Cybernetics Core  
  24  2:15  Probe (Chrono Boost)  
  25  2:23  Photon Cannon  
  25  2:26  Probe (Chrono Boost)  
  26  2:42  Probe (Chrono Boost)  
  27  2:47  Stargate  
  27  2:51  Stargate  
  27  2:52  Probe (Chrono Boost)  
  28  3:00  Warp Gate (Chrono Boost)  
  28  3:09  Probe (Chrono Boost)  
  29  3:19  Zealot  
  31  3:21  Probe  
  31  3:22  Photon Cannon  
  32  3:33  Probe  
  33  3:41  Oracle  
  36  3:49  Pylon  
  36  3:51  Zealot  
  38  4:02  Probe  
  39  4:07  Void Ray  
  42  4:27  Void Ray  
  42  4:29  Probe  
  46  4:41  Probe  
  47  4:57  Pylon  
  47  5:06  Nexus  
  47  5:11  Pylon  
  47  5:14  Void Ray  
  47  5:15  Zealot  
  53  5:29  Void Ray, Pylon  
  54  5:52  Photon Cannon  
  54  5:54  Photon Cannon  
  54  6:01  Protoss Air Weapons Level 1 (Chrono Boost)  
  54  6:05  Phoenix  
  56  6:18  Probe  
  56  6:23  Gateway  
  56  6:24  Gateway  
  57  6:35  Pylon  
  57  6:38  Probe  
  58  6:48  Probe  
  58  6:50  Void Ray  
  63  6:55  Void Ray  
  63  7:01  Probe  
  67  7:06  Assimilator  
  68  7:11  Probe  
  68  7:13  Pylon  
  67  7:38  Void Ray  
  71  7:56  Probe  
  72  8:02  Assimilator  
  72  8:04  Probe  
  73  8:08  Probe  
  74  8:14  Probe  
  74  8:15  Zealot x2  
  74  8:16  Zealot  
  81  8:23  Void Ray  
  81  8:24  Void Ray  
  89  8:32  Probe  
  90  8:40  Pylon x2  
  90  8:44  Zealot x2  
  94  8:56  Probe  
  94  9:00  Fleet Beacon  
  95  9:18  Stalker x3  
  101  9:43  Probe  
  102  9:46  Nexus  
  102  9:47  Pylon  
  102  9:48  Pylon  
  102  9:54  Tempest  
  102  9:55  Tempest  
  110  10:04  Probe  
  111  10:07  Probe  
  112  10:20  Probe  
  95  10:39  Pylon  
Show
View Real Time Build Order
Export as new Build Order

nyancat Zerg 

Build Orders: Pool First 

Get SALT Encoding   

  12  0:28  Drone x2  
  13  0:29  Overlord  
  14  0:52  Spawning Pool  
  13  0:57  Extractor  
  13  1:02  Drone x3  
  15  1:39  Queen  
  15  1:42  Zergling x2  
  15  1:43  Zergling x2  
  19  1:57  Metabolic Boost  
  19  2:03  Zergling x2  
  19  2:06  Overlord  
  20  2:24  Evolution Chamber  
  19  2:37  Lair  
  19  2:38  Zergling x4  
  19  2:39  Zergling x2  
  22  3:06  Overlord x2  
  22  3:38  Zergling x4  
  22  3:39  Zergling x2  
  22  3:40  Hydralisk Den  
  24  4:31  Lurker Den  
  24  4:40  Hydralisk  
  26  4:51  Extractor  
  25  4:59  Zergling x6  
  28  5:15  Drone  
  29  5:25  Drone  
  30  5:34  Drone  
  29  5:53  Queen  
  31  5:59  Hydralisk x2  
  35  6:06  Drone  
  24  6:52  Muscular Augments  
  24  6:57  Zergling x6  
  27  7:08  Hatchery  
  26  7:45  Spire  
  25  7:57  Hatchery  
  24  8:20  Hydralisk x3  
  30  8:40  Queen  
  32  8:51  Lair  
  32  9:01  Mutalisk x2  
  32  9:02  Mutalisk  
  38  9:17  Drone  
  39  9:34  Drone  
  39  9:35  Drone  
  41  9:43  Drone  
Show
View Real Time Build Order
Export as new Build Order

juhyg Zerg 

Build Orders: Pool First 

Get SALT Encoding   

  12  0:08  Overlord  
  13  0:14  Drone  
  13  0:29  Drone x2  
  13  0:30  Drone  
  16  0:42  Spawning Pool  
  15  0:48  Drone  
  16  1:02  Extractor  
  16  1:03  Drone  
  16  1:08  Drone  
  17  1:30  Drone  
  17  1:31  Drone  
  17  1:32  Queen  
  21  1:40  Drone  
  22  2:38  Overlord x3  
  22  2:40  Lair  
  22  2:42  Hatchery  
  21  3:20  Roach Warren  
  20  3:45  Drone x3  
  23  3:53  Hatchery  
  22  4:00  Drone x5  
  27  4:08  Metabolic Boost  
  27  4:16  Hydralisk Den  
  26  4:21  Infestation Pit  
  25  4:24  Roach x2  
  25  4:25  Roach  
  31  4:41  Roach  
  31  4:42  Zergling x8  
  31  4:43  Zergling x2  
  31  4:44  Queen  
  40  4:53  Extractor  
  40  4:57  Drone x3  
  42  5:24  Hive  
  42  5:31  Overlord  
  42  5:32  Overlord x3  
  42  5:34  Zergling x10  
  42  5:35  Zergling x2  
  48  5:49  Hydralisk  
  48  5:50  Hydralisk x2  
  54  6:00  Evolution Chamber  
  53  6:05  Hydralisk  
  53  6:07  Zergling x10  
  53  6:08  Zergling x8  
  53  6:09  Zergling x2  
  65  6:14  Overseer  
  65  6:29  Extractor  
  65  6:30  Drone x6  
  70  7:01  Hydralisk x6  
  70  7:04  Zergling x2  
  46  7:40  Hydralisk  
  46  7:41  Hydralisk x5  
  46  7:43  Zergling x4  
  46  7:44  Zergling x2  
  61  8:18  Zergling x6  
  61  8:19  Zergling x6, Roach x2  
  73  8:20  Roach x2  
  73  8:23  Overlord  
  75  8:34  Roach  
  75  8:35  Roach  
  79  8:53  Roach x2  
  79  8:54  Roach x3  
  89  9:07  Zergling x2  
  90  9:12  Lurker Den  
  90  9:42  Overlord x3  
  90  9:43  Overlord  
  90  10:08  Hatchery  
Tags
 
Add a new tag
Caveats
  • Supply blocks, unpowered buildings, or Contaminate may cause inaccurate times.
  • Supply counts are checked every 10 seconds.